BSA
AUSTIN RIVER SHARKS @ SPRINGFIELD STARS
04/04/2028
 
TOP OF THE 1ST
Austin River Sharks batting - Pitching for Springfield Stars : LHP José López
Pitching: LHP José López
Batting: RHB Todd Bryant 0-0: Ball
1-0: Called Strike
1-1: Ground out 1-3 (Groundball, P)
Batting: RHB Richard Coker 0-0: Ball
1-0: Fly out, F9 (Flyball, 9S)
Batting: LHB Greg Nelson 0-0: Ball
1-0: Called Strike
1-1: Fly out, F8 (Flyball, 8RM)
Top of the 1st over - 0 run(s), 0 hit(s), 0 error(s), 0 left on base; Austin 0 - Springfield 0
BOTTOM OF THE 1ST
Springfield Stars batting - Pitching for Austin River Sharks : RHP Troy Lynn
Pitching: RHP Troy Lynn
Batting: RHB Juan Rodríguez 0-0: Ball
1-0: Fly out, F9 (Flyball, 9LS)
Batting: RHB Calvin Bennett 0-0: Ball
1-0: Foul Ball, location: 2F
1-1: Ground out 6-3 (Groundball, 6)
Batting: LHB Derek Davidson 0-0: Ball
1-0: Foul Ball, location: 2F
1-1: Foul Ball, location: 2F
1-2: Strikes out swinging
Bottom of the 1st over - 0 run(s), 0 hit(s), 0 error(s), 0 left on base; Austin 0 - Springfield 0
TOP OF THE 2ND
Austin River Sharks batting - Pitching for Springfield Stars : LHP José López
Batting: RHB Manny Copriviza 0-0: Foul Ball, location: 2F
0-1: Ball
1-1: Foul Ball, location: 2F
1-2: Ground out 4-3 (Groundball, 4)
Batting: LHB Harry Pitts 0-0: SINGLE (Flyball, 78S)
Batting: RHB Carlos Guzmán 0-0: Called Strike
0-1: DOUBLE (Line Drive, 9LM)
Harry Pitts to third
Runner from 3rd tries for Home, SAFE, no throw
Batting: LHB José Liñares 0-0: Ball
1-0: Foul Ball, location: 2F
1-1: Swinging Strike
1-2: Strikes out swinging
Batting: RHB Eric Neal 0-0: Ball
1-0: Ball
2-0: Ball
3-0: Base on Balls
Batting: RHB Teddy Bates 0-0: Ball
1-0: Called Strike
1-1: Fielders Choice at 2nd, 5-4 (Groundball, 56)
Top of the 2nd over - 1 run(s), 2 hit(s), 0 error(s), 1 left on base; Austin 1 - Springfield 0
BOTTOM OF THE 2ND
Springfield Stars batting - Pitching for Austin River Sharks : RHP Troy Lynn
Batting: LHB Felipe Guerrero 0-0: Foul Ball, location: 2F
0-1: Ball
1-1: Ball
2-1: Foul Ball, location: 2F
2-2: Strikes out swinging, 2-3 out at first.
Batting: SHB Shane Hutchinson 0-0: Ball
1-0: Ball
2-0: Swinging Strike
2-1: Ball
3-1: Called Strike
3-2: DOUBLE (Line Drive, 7LD)
Batting: LHB Elliott Newell 0-0: Ball
1-0: Ball
2-0: Called Strike
2-1: Fly out, F7 (Flyball, 7)
Batting: LHB Ryan Drake 0-0: Ball
1-0: Foul Ball, location: 2F
1-1: SINGLE (Line Drive, 56)
Shane Hutchinson to third
Runner from 3rd tries for Home, SAFE, no throw
Batting: LHB Jesús Tobías 0-0: Ball
1-0: Ball
2-0: Called Strike
2-1: Foul Ball, location: 2F
2-2: Ball
3-2: Foul Ball, location: 2F
3-2: Ground out 4-3 (Groundball, 4)
Bottom of the 2nd over - 1 run(s), 2 hit(s), 0 error(s), 1 left on base; Austin 1 - Springfield 1
TOP OF THE 3RD
Austin River Sharks batting - Pitching for Springfield Stars : LHP José López
Batting: RHB Todd Bryant 0-0: Fly out, F5 (Line Drive, 5)
Batting: RHB Richard Coker 0-0: Called Strike
0-1: Foul Ball, location: 2F
0-2: Ground out U3 (Groundball, 34S)
Batting: LHB Greg Nelson 0-0: Called Strike
0-1: Ball
1-1: Called Strike
1-2: Ball
2-2: Strikes out looking
Top of the 3rd over - 0 run(s), 0 hit(s), 0 error(s), 0 left on base; Austin 1 - Springfield 1
BOTTOM OF THE 3RD
Springfield Stars batting - Pitching for Austin River Sharks : RHP Troy Lynn
Batting: RHB Will Sterling 0-0: Called Strike
0-1: Fly out, F4 (Popup, 4)
Batting: RHB Juan Rodríguez 0-0: Called Strike
0-1: SINGLE (Line Drive, 6MD)
Batting: RHB Calvin Bennett 0-0: Ball
1-0: Grounds into double play, 6-4-3 (Groundball, 6)
Bottom of the 3rd over - 0 run(s), 1 hit(s), 0 error(s), 0 left on base; Austin 1 - Springfield 1
TOP OF THE 4TH
Austin River Sharks batting - Pitching for Springfield Stars : LHP José López
Batting: RHB Manny Copriviza 0-0: Ball
1-0: Ground out 6-3 (Groundball, 6)
Batting: LHB Harry Pitts 0-0: Called Strike
0-1: Called Strike
0-2: Ball
1-2: Strikes out swinging
Batting: RHB Carlos Guzmán 0-0: Called Strike
0-1: Swinging Strike
0-2: Foul Ball, location: 2F
0-2: Strikes out swinging
Top of the 4th over - 0 run(s), 0 hit(s), 0 error(s), 0 left on base; Austin 1 - Springfield 1
BOTTOM OF THE 4TH
Springfield Stars batting - Pitching for Austin River Sharks : RHP Troy Lynn
Batting: LHB Derek Davidson 0-0: Ball
1-0: Ball
2-0: Ball
3-0: Base on Balls
Batting: LHB Felipe Guerrero 0-0: Ball
1-0: SINGLE (Groundball, 34D)
Derek Davidson to second
Runner from 2nd tries for 3rd, SAFE, no throw
Batting: SHB Shane Hutchinson 0-0: Called Strike
0-1: Ball
1-1: Foul Ball, location: 2F
1-2: Foul Ball, location: 2F
1-2: Ball
2-2: Foul Ball, location: 2F
2-2: Ball
3-2: Foul Ball, location: 2F
3-2: 3-RUN HOME RUN (Line Drive, 8LXD) (Inside the Park)
Batting: LHB Elliott Newell 0-0: Ball
1-0: Called Strike
1-1: Swinging Strike
1-2: Ball
2-2: SINGLE (Flyball, 8RS)
Batting: LHB Ryan Drake 0-0: Called Strike
0-1: Ball
1-1: Fly out, F1 (Line Drive, 15)
Batting: LHB Jesús Tobías 0-0: Called Strike
0-1: Fielders Choice at 2nd, 4-6 (Groundball, 4)
Batting: RHB Will Sterling 0-0: Ball
1-0: SINGLE (Line Drive, 56D)
Jesús Tobías to second
Batting: RHB Juan Rodríguez 0-0: Ball
1-0: Ball
2-0: Fielders Choice at 2nd, 6-4 (Groundball, 6)
Bottom of the 4th over - 3 run(s), 4 hit(s), 0 error(s), 1 left on base; Austin 1 - Springfield 4
TOP OF THE 5TH
Austin River Sharks batting - Pitching for Springfield Stars : LHP José López
Batting: LHB José Liñares 0-0: Ball
1-0: Ball
2-0: Ball
3-0: Called Strike
3-1: Base on Balls
Batting: RHB Eric Neal 0-0: Called Strike
0-1: Fly out, F7 (Flyball, 78S)
Batting: RHB Teddy Bates 0-0: Grounds into double play, 6-4-3 (Groundball, 56)
Top of the 5th over - 0 run(s), 0 hit(s), 0 error(s), 0 left on base; Austin 1 - Springfield 4
BOTTOM OF THE 5TH
Springfield Stars batting - Pitching for Austin River Sharks : RHP Troy Lynn
Batting: RHB Calvin Bennett 0-0: Swinging Strike
0-1: Ball
1-1: Foul Ball, location: 2F
1-2: Ball
2-2: Fly out, F9 (Flyball, 9LSF)
Batting: LHB Derek Davidson 0-0: Ball
1-0: Called Strike
1-1: SINGLE (Line Drive, 7LM)
Batting: LHB Felipe Guerrero 0-0: Ball
1-0: Called Strike
1-1: Ball
2-1: Ball
3-1: Base on Balls
Derek Davidson to second
Batting: SHB Shane Hutchinson 0-0: Ball
1-0: DOUBLE (Flyball, 78D)
Derek Davidson scores
Felipe Guerrero to third
Batting: LHB Elliott Newell 0-0: Intentional Walk
Pitching: RHP Tatsuzo Harada
Batting: LHB Ryan Drake 0-0: Ball
1-0: Foul Ball, location: 2F
1-1: Called Strike
1-2: Foul Ball, location: 2F
1-2: Ball
2-2: Fly out, F9 (Line Drive, 9)
Throwing error, E9
Felipe Guerrero scores
Shane Hutchinson to third
Elliott Newell to second
Batting: LHB Jesús Tobías 0-0: Ball
1-0: Ball
2-0: Fly out, F4 (Line Drive, 4)
Bottom of the 5th over - 2 run(s), 2 hit(s), 1 error(s), 2 left on base; Austin 1 - Springfield 6
TOP OF THE 6TH
Austin River Sharks batting - Pitching for Springfield Stars : LHP José López
Batting: RHB Todd Bryant 0-0: Called Strike
0-1: Ground out 4-3 (Groundball, 4)
Batting: RHB Richard Coker 0-0: Fly out, F3 (Line Drive, 3D)
Batting: LHB Greg Nelson 0-0: Swinging Strike
0-1: Ground out 3-1 (Groundball, 34)
Top of the 6th over - 0 run(s), 0 hit(s), 0 error(s), 0 left on base; Austin 1 - Springfield 6
BOTTOM OF THE 6TH
Springfield Stars batting - Pitching for Austin River Sharks : RHP Tatsuzo Harada
Batting: RHB Will Sterling 0-0: Ball
1-0: SOLO HOME RUN (Flyball, 7D), Distance : 399 ft
Batting: RHB Juan Rodríguez 0-0: DOUBLE (Line Drive, 89D)
Batting: RHB Calvin Bennett 0-0: Ball
1-0: Ball
2-0: Called Strike
2-1: SINGLE (Flyball, 89S)
Juan Rodríguez to third
Batting: LHB Derek Davidson 0-0: Fly out, F8 (Flyball, 8RD)
Runner from 3rd tags up, SCORES, no throw
Batting: LHB Felipe Guerrero 0-0: Swinging Strike
0-1: Swinging Strike
0-2: Ball
1-2: Ball
Calvin Bennett steals 2nd base
2-2: Ball
3-2: Foul Ball, location: 2F
3-2: Strikes out swinging
Batting: SHB Shane Hutchinson 0-0: Ball
Wild Pitch!
Calvin Bennett to third
1-0: Ball
2-0: Ball
3-0: Base on Balls
Batting: LHB Elliott Newell 0-0: Ball
1-0: Foul Ball, location: 2F
1-1: Swinging Strike
1-2: Strikes out swinging
Bottom of the 6th over - 2 run(s), 3 hit(s), 0 error(s), 2 left on base; Austin 1 - Springfield 8
TOP OF THE 7TH
Austin River Sharks batting - Pitching for Springfield Stars : LHP José López
Batting: RHB Manny Copriviza 0-0: Fly out, F8 (Flyball, 8LM)
Batting: LHB Harry Pitts 0-0: Called Strike
0-1: Ball
1-1: Ground out 1-3 (Groundball, 13S)
Batting: RHB Carlos Guzmán 0-0: Ball
1-0: Called Strike
1-1: Foul Ball, location: 2F
1-2: Ball
2-2: Strikes out swinging
Top of the 7th over - 0 run(s), 0 hit(s), 0 error(s), 0 left on base; Austin 1 - Springfield 8
BOTTOM OF THE 7TH
Springfield Stars batting - Pitching for Austin River Sharks : RHP Tatsuzo Harada
Batting: LHB Ryan Drake 0-0: Called Strike
0-1: Swinging Strike
0-2: Fly out, F9 (Line Drive, 9D)
Batting: LHB Jesús Tobías 0-0: Foul Ball, location: 2F
0-1: Ball
1-1: Foul Ball, location: 2F
1-2: Ball
2-2: Ground out U3 (Groundball, 3)
Batting: RHB Will Sterling 0-0: Ball
1-0: Ball
2-0: Called Strike
2-1: Foul Ball, location: 2F
2-2: Strikes out swinging
Bottom of the 7th over - 0 run(s), 0 hit(s), 0 error(s), 0 left on base; Austin 1 - Springfield 8
TOP OF THE 8TH
Austin River Sharks batting - Pitching for Springfield Stars : LHP José López
Batting: LHB José Liñares 0-0: Foul Ball, location: 2F
0-1: Swinging Strike
0-2: Strikes out swinging
Pinch Hitting: RHB Dexter Potter 0-0: Ball
1-0: Ball
2-0: Ball
3-0: Called Strike
3-1: Foul Ball, location: 2F
3-2: SINGLE (Groundball, 4MD)
Batting: RHB Teddy Bates 0-0: Called Strike
0-1: Called Strike
0-2: Foul Ball, location: 2F
0-2: Ball
1-2: Fly out, F8 (Flyball, 8RM)
Batting: RHB Todd Bryant 0-0: Ball
1-0: Ball
2-0: Ball
3-0: Base on Balls
Dexter Potter to second
Batting: RHB Richard Coker 0-0: Called Strike
0-1: SINGLE (Groundball, 56D)
Dexter Potter to third
Todd Bryant to second
Runner from 3rd tries for Home, SAFE, no throw
Batting: LHB Greg Nelson 0-0: Fielders Choice at 2nd, 6-4 (Groundball, 56)
Top of the 8th over - 1 run(s), 2 hit(s), 0 error(s), 1 left on base; Austin 2 - Springfield 8
BOTTOM OF THE 8TH
Springfield Stars batting - Pitching for Austin River Sharks : RHP Tatsuzo Harada
Now at 2B: Russell Peck
Batting: RHB Juan Rodríguez 0-0: Ball
1-0: Swinging Strike
1-1: Called Strike
1-2: Ball
2-2: Strikes out looking
Pitching: RHP Mitsunari Jouda
Batting: RHB Calvin Bennett 0-0: Ball
1-0: Ball
2-0: Called Strike
2-1: Ball
3-1: Called Strike
3-2: Foul Ball, location: 2F
3-2: Base on Balls
Batting: LHB Derek Davidson 0-0: SINGLE (Groundball, 4MD)
Calvin Bennett to second
Batting: LHB Felipe Guerrero 0-0: Ball
1-0: Ball
2-0: Foul Ball, location: 2F
2-1: Ball
3-1: Base on Balls
Calvin Bennett to third
Derek Davidson to second
Batting: SHB Shane Hutchinson 0-0: Ball
1-0: Called Strike
1-1: Called Strike
1-2: Fly out, F8 (Flyball, 8LS)
Batting: LHB Elliott Newell 0-0: Called Strike
0-1: Ball
1-1: Foul Ball, location: 2F
1-2: Foul Ball, location: 2F
1-2: Ball
2-2: Strikes out looking
Bottom of the 8th over - 0 run(s), 1 hit(s), 0 error(s), 3 left on base; Austin 2 - Springfield 8
TOP OF THE 9TH
Austin River Sharks batting - Pitching for Springfield Stars : LHP José López
Batting: RHB Manny Copriviza 0-0: Swinging Strike
0-1: Foul Ball, location: 2F
0-2: Fly out, F9 (Flyball, 89M)
Batting: LHB Harry Pitts 0-0: Fly out, F5 (Popup, 56)
Batting: RHB Carlos Guzmán 0-0: Ground out 5-3 (Groundball, 5)
Top of the 9th over - 0 run(s), 0 hit(s), 0 error(s), 0 left on base; Austin 2 - Springfield 8
Tuesday, August 8th, 2017 - OOTP Baseball 17.12 Build 75